 Dungeon Crawl Stone Soup version 0.20.1-4-g4af34eaf8e (webtiles) character file.

1017 Alfie the Shooter (level 8, -7/68 HPs)
             Began as a Minotaur Hunter on Feb 25, 2020.
             Mangled by an orc warrior
             ... wielding a +0 scimitar
              (12 damage)
             ... on level 5 of the Dungeon.
             The game lasted 00:15:37 (3870 turns).

Alfie the Shooter (Minotaur Hunter)                 Turns: 3870, Time: 00:15:37

Health: -7/68      AC:  5    Str: 19    XL:     8   Next: 1%
Magic:  7/7        EV: 13    Int:  8    God:
Gold:   329        SH:  0    Dex: 11    Spells: 7/7 levels left

rFire    . . .     SeeInvis .   k - +0 long sword
rCold    . . .     Gourm    .   (no shield)
rNeg     . . .     Faith    .   c - +1 leather armour
rPois    .         Spirit   .   (helmet restricted)
rElec    .         Reflect  .   (no cloak)
rCorr    .         Harm     .   (no gloves)
MR       +....                  r - +0 pair of boots
Stlth    +.........             (no amulet)
Regen    0.3/turn               n - ring of protection from magic
MPRegen  0.1/turn               (no ring)

@: no status effects
A: retaliatory headbutt, horns 2
a: no special abilities


You were on level 5 of the Dungeon.
You were not hungry.

You visited 1 branch of the dungeon, and saw 6 of its levels.

You collected 329 gold pieces.

Inventory:

Hand Weapons
 a - a +1 shortbow
 b - a +0 short sword
 k - a +0 long sword (weapon)
Missiles
 d - 26 arrows
 s - 8 tomahawks (quivered)
Armour
 c - a +1 leather armour (worn)
 r - a +0 pair of boots (worn)
Jewellery
 n - a ring of protection from magic (left hand)
 u - an uncursed ring of ice
Scrolls
 e - a scroll of blinking
 g - 4 scrolls of remove curse
 h - 3 scrolls of identify
 m - 2 scrolls of teleportation
 p - a scroll of fog
Potions
 i - a potion of curing
 j - a potion of haste
 l - 3 potions of flight
Comestibles
 f - 4 bread rations
 o - a royal jelly


   Skills:
 + Level 5.1 Fighting
 + Level 0.2(2.6) Short Blades
 + Level 4.7 Long Blades
 + Level 7.6 Bows
 + Level 3.6 Armour
 + Level 3.7 Dodging
 + Level 1.6 Stealth


You had 7 spell levels left.
You didn't know any spells.

Dungeon Overview and Level Annotations

Branches:
Dungeon (6/15)
 Temple: D:4-7

Altars:
Ashenzari
Cheibriados
Dithmenos
Elyvilon
Fedhas
Nemelex Xobeh
Sif Muna
Vehumet

Shops:
D:4 :   D:5 (


Innate Abilities, Weirdness & Mutations

You reflexively headbutt those who attack you in melee.
You have a pair of horns on your head.


Message History

The orc warrior hits you with a scimitar.
You climb upwards.
There is a stone staircase leading down here.
Wield which item (- for none, * to show all)? (? for menu, Esc to quit)
k - a +0 long sword (weapon)
You hit the orc warrior but do no damage.
The orc warrior is lightly wounded.
The orc warrior hits you with a scimitar!!
You slash the orc warrior!
You headbutt the orc warrior, but do no damage.
The orc warrior is severely wounded.
The orc warrior hits you with a scimitar!
You barely miss the orc warrior.
The orc warrior is severely wounded.
The orc warrior hits you with a scimitar!!
* * * LOW HITPOINT WARNING * * *
You hit the orc warrior.
The orc warrior is severely wounded.
The orc warrior hits you with a scimitar!
You die...

# #.#.......##.# #.....# #
#.##########.# ####### #
#.# #.# # #.##########†####
# #.#<............# #
#.##########.##.# ####.#
#.##.########
.....##########o##........#
................@....####.#
###############.####.## #.#
........# #...........# #.#
........# #.###.####..# #.#
........# #.#......#..# #.#
........#
#.#.#.##.#..###†##
........#
#.#....#.#..#....#
#.....###
#.#....#.#..#.#### #.....#
#..<...#.#..#.#


You could see an orc warrior.

Vanquished Creatures
  Eustachio (D:4)
  Menkaure (D:5)
  Duvessa (D:5)
  A sky beast (D:5)
  2 ogres
  Dowan (D:5)
  A bullfrog skeleton (D:5)
  4 worker ants (D:4)
  11 adders
  3 adder skeletons (D:5)
  4 worms
  A dart slug (D:2)
  2 leopard geckos
  3 orcs
  3 ball pythons
  9 bats
  7 giant cockroaches
  10 goblins
  6 hobgoblins
  8 jackals
  2 quokkas
  7 frilled lizards
  A jackal skeleton (D:5)
  6 kobolds
  9 rats
104 creatures vanquished.

Notes
Turn   | Place    | Note
-------+----------+-------------------------------------------
     0 | D:1      | Alfie the Minotaur Hunter began the quest for the Orb.
     0 | D:1      | Reached XP level 1. HP: 18/18 MP: 0/0
   125 | D:1      | Reached XP level 2. HP: 25/25 MP: 1/1
   383 | D:1      | Reached skill level 5 in Bows
   502 | D:1      | Reached XP level 3. HP: 15/30 MP: 2/2
   756 | D:2      | Reached skill level 1 in Stealth
   763 | D:2      | Found a sparkling altar of Nemelex Xobeh.
   794 | D:2      | Reached skill level 1 in Armour
   834 | D:2      | Found a deep blue altar of Sif Muna.
   890 | D:2      | Reached XP level 4. HP: 17/37 MP: 3/3
  1103 | D:2      | Reached skill level 1 in Long Blades
  1523 | D:3      | Reached XP level 5. HP: 42/45 MP: 4/4
  1528 | D:3      | Found a radiant altar of Vehumet.
  1970 | D:4      | Noticed Eustachio
  2034 | D:4      | HP: 2/45 [Eustachio/rapier (5)]
  2036 | D:4      | Killed Eustachio
  2036 | D:4      | Reached XP level 6. HP: 2/51 MP: 5/5
  2153 | D:4      | Found Sast's Book Emporium.
  2255 | D:4      | Reached skill level 6 in Bows
  2869 | D:5      | Entered Level 5 of the Dungeon
  2888 | D:5      | Found Dutoimum's Antique Weapon Emporium.
  2972 | D:5      | Found a snail-covered altar of Cheibriados.
  3008 | D:5      | Reached XP level 7. HP: 59/59 MP: 6/6
  3125 | D:5      | Found a shattered altar of Ashenzari.
  3154 | D:5      | Noticed Menkaure
  3161 | D:5      | Killed Menkaure
  3185 | D:5      | Found a shadowy altar of Dithmenos.
  3217 | D:5      | Reached skill level 7 in Bows
  3227 | D:5      | Found a blossoming altar of Fedhas.
  3303 | D:5      | Found a white marble altar of Elyvilon.
  3316 | D:5      | Noticed Duvessa
  3320 | D:5      | Noticed Dowan
  3324 | D:5      | Killed Duvessa
  3324 | D:5      | Reached skill level 5 in Fighting
  3339 | D:5      | Killed Dowan
  3503 | D:5      | Reached XP level 8. HP: 64/68 MP: 7/7
  3870 | D:5      | Mangled by an orc warrior

Skill      XL: |  1  2  3  4  5  6  7 |
---------------+----------------------+-----
Bows           | 5 6 7 |  7.6
Stealth        | 1 |  1.6
Armour         | 1 2 3 |  3.6
Fighting       | 3 4 5 |  5.1
Long Blades    | 1 2 4 |  4.7
Dodging        | 3 |  3.7
Short Blades   | |  0.2

Action                   |  1- 3 |  4- 6 |  7- 9 || total
-------------------------+-------+-------+-------++-------
Melee: Short sword       |    66 |       |       ||    66
       Headbutt          |    15 |    15 |     4 ||    34
       Long sword        |    31 |    93 |    20 ||   144
 Fire: Shortbow          |     6 |    80 |    51 ||   137
  Use: Scroll            |     1 |     7 |     2 ||    10
       Potion            |     2 |     5 |       ||     7
  Eat: Royal jelly       |       |     2 |       ||     2
       Bread ration      |       |     1 |       ||     1
       Fruit             |       |       |     1 ||     1
Armor: Leather armour    |    38 |    21 |     8 ||    67
Dodge: Dodged            |    82 |    72 |    20 ||   174
       Rpst.: Long sword |     3 |    23 |     3 ||    29
